 Dungeon Crawl Stone Soup version 0.21.1-1-g345015f (webtiles) character file.

297 Kagorn the Skirmisher (level 6, -1/47 HPs)
             Began as a Vampire Berserker on June 4, 2018.
             Was a Priest of Trog.
             Slain by a troll (13 damage)
             ... on level 4 of the Dungeon.
             The game lasted 00:31:27 (3166 turns).

Kagorn the Skirmisher (Vampire Berserker)           Turns: 3166, Time: 00:31:28

Health: -1/47      AC:  4    Str: 16    XL:     6   Next: 12%
Magic:  6/6        EV: 13    Int:  9    God:    Trog [***...]
Gold:   117        SH:  0    Dex: 16    Spells: 5/5 levels left

rFire    . . .     SeeInvis +   d - +3 quarterstaff (chaos)
rCold    . . .     Gourm    .   (shield currently unavailable)
rNeg     + . .     Faith    .   n - +0 leather armour
rPois    .         Spirit   .   (no helmet)
rElec    .         Reflect  .   e - +0 cloak
rCorr    .         Harm     .   (no gloves)
MR       .....                  (no boots)
Stlth    ++........             (no amulet)
HPRegen  0.15/turn              (no ring)
MPRegen  0.10/turn              (no ring)

@: berserk cooldown, slowed, very slow
A: fangs 3, see invisible, unbreathing
a: Bat Form, Berserk, Trog's Hand, Burn Spellbooks, Renounce Religion


You were on level 4 of the Dungeon.
You worshipped Trog.
Trog was most pleased with you.
You were not thirsty.

You visited 1 branch of the dungeon, and saw 4 of its levels.

You collected 117 gold pieces.

Inventory:

Hand Weapons
 a - a +0 mace
 d - a +3 quarterstaff of chaos (weapon)
 g - a +0 hunting sling
Missiles
 h - 75 stones (quivered)
Armour
 b - a +0 animal skin
 e - a +0 cloak (worn)
 j - a +0 large shield
 n - a +0 leather armour (worn)
Scrolls
 f - a scroll of teleportation {unknown}
 k - a scroll of remove curse
 l - a scroll of identify
 m - a scroll of immolation {unknown}
 o - a scroll of enchant weapon {unknown}
Potions
 c - 17 potions of blood
 i - a potion of heal wounds


   Skills:
 + Level 3.5 Fighting
 - Level 3.2(3.4) Maces & Flails
 + Level 1.3(2.5) Staves
 * Level 1.3 Slings
 * Level 2.2 Armour
 + Level 3.1 Dodging
 * Level 3.0 Stealth
 * Level 1.3 Shields


You had 5 spell levels left.
You didn't know any spells.

Dungeon Overview and Level Annotations

Branches:
Dungeon (4/15)
 Temple: D:4-7

Altars:
Fedhas
Nemelex Xobeh
Wu Jian


Innate Abilities, Weirdness & Mutations

You have razor-sharp teeth.
You have supernaturally acute eyesight. (SInv)
You can survive without breathing.


Message History

HP restored.
You start putting on your armour.
You continue putting on your cloak. x4
You finish putting on your +0 cloak.
Found a stone staircase leading down.
Found a scroll of amnesia.
Found a stone staircase leading up.
You thump the troll! You bite the troll, but do no damage.
The troll is lightly wounded.
The troll bites you! The troll claws you! x2
* * * LOW HITPOINT WARNING * * *
A red film seems to cover your vision as you go berserk!
You feel yourself moving faster!
You feel mighty! The troll misses you. The troll claws you.
* * * LOW HITPOINT WARNING * * *
The troll misses you.
You feel a strong urge to attack something.
You feel your anger nearly subside.
You are no longer berserk.
You are exhausted.
You feel yourself slow down. The troll bites you!
You die...

##### #...# ######## #...#
.......# #...#### .......#
#......# .......# #....#.##
.....(.# #......)##
.......##########...##...####.
................@T............
....###########...####.(.####
..#.# .>.......## ##..# ....#
########.# ..# ...... #.# ..#
........ #.# ... .#..#... ..#
.... ....##.. ..# <.... ###..
.. .# .....?


You could see a troll.

Vanquished Creatures
  An ice beast (D:4)
  A bullfrog skeleton (D:4)
  Crazy Yiuf (D:1)
  A worker ant (D:4)
  3 adders
  5 worms
  3 dart slugs
  4 leopard geckos
  2 orcs (D:3)
  2 ball pythons (D:3)
  9 bats
  A giant cockroach (D:1)
  5 goblins
  6 hobgoblins
  5 jackals (D:2)
  9 frilled lizards
  9 kobolds
  A quokka skeleton (D:4)
  13 rats
81 creatures vanquished.

Notes
Turn   | Place    | Note
-------+----------+-------------------------------------------
     0 | D:1      | Kagorn the Vampire Berserker began the quest for the Orb.
     0 | D:1      | Reached XP level 1. HP: 17/17 MP: 1/1
   351 | D:1      | Reached XP level 2. HP: 24/24 MP: 2/2
   621 | D:1      | Reached ** piety under Trog
   777 | D:2      | Reached XP level 3. HP: 8/29 MP: 3/3
   854 | D:2      | Found a sparkling altar of Nemelex Xobeh.
   975 | D:2      | Reached skill level 1 in Stealth
  1219 | D:2      | Found a blossoming altar of Fedhas.
  1601 | D:2      | Found a runed door.
  1605 | D:2      | Noticed Crazy Yiuf
  1872 | D:1      | Killed Crazy Yiuf
  1872 | D:1      | Reached XP level 4. HP: 35/35 MP: 4/4
  2679 | D:3      | Found an ornate altar of the Wu Jian Council.
  2748 | D:3      | Reached XP level 5. HP: 36/41 MP: 5/5
  2830 | D:3      | Reached skill level 1 in Slings
  2860 | D:3      | Reached *** piety under Trog
  3012 | D:4      | Noticed an ice beast
  3023 | D:4      | Killed an ice beast
  3023 | D:4      | Reached skill level 1 in Staves
  3023 | D:4      | Reached skill level 1 in Shields
  3023 | D:4      | Reached XP level 6. HP: 21/47 MP: 6/6
  3059 | D:4      | Noticed a troll
  3166 | D:4      | Slain by a troll

Skill      XL: |  1  2  3  4  5 |
---------------+----------------+-----
Fighting       | 3 |  3.5
Maces & Flails | 3 |  3.2
Stealth        | 2 3 |  3.0
Slings         | 1 |  1.3
Armour         | 2 |  2.2
Dodging        | 3 |  3.1
Staves         | 1 |  1.3
Shields        | 1 |  1.3

Action                   |  1- 3 |  4- 6 || total
-------------------------+-------+-------++-------
Melee: Mace              |   128 |       ||   128
       Bite              |    13 |    10 ||    23
       Quarterstaff      |       |    86 ||    86
Invok: Trog's Hand       |     2 |       ||     2
       Berserk           |     1 |     1 ||     2
 Abil: End Transformatio |     1 |       ||     1
       Bat Form          |     1 |       ||     1
  Use: Potion            |    11 |     7 ||    18
       Scroll            |     4 |       ||     4
 Stab: Sleeping          |     4 |     2 ||     6
       Paralysed         |       |     1 ||     1
Armor: Animal skin       |    23 |       ||    23
       Leather armour    |     1 |    19 ||    20
Dodge: Dodged            |   113 |    77 ||   190
Block: Large shield      |     8 |       ||     8
